General information
- name: BNet
- type: Ladder team game (AT/RT)
- host: Battle.net
- saver: BONIFIED-STAR
map: TwilightRuins
- players: 8
- length: 20:17
- speed: Fast
- version: 1.26 W3XP
- replay type: Public
» download(155 KB)
Players
team 1 (loser)

»
Kingdom(fr) (
red | 57 APM | 1131 actions | 19:52)
5 Death Knight
3 Death Coil
1 Unholy Aura
1 Death Pact
2 Lich
1 Frost Nova
1 Frost Armor
» actions
| Assign group hotkey | 20 | |
| Build / train | 57 | |
| Enter build submenu | 18 | |
| Enter hero's abilities submenu | 7 | |
| Give item / drop item | 3 | |
| Remove unit from queue | 1 | |
| Right click | 371 | |
| Select / deselect | 309 | |
| Select group hotkey | 270 | |
| Use ability | 75 | |
1131 total
» units
| Acolyte | 8 | |
| Ghoul | 4 | |
| Crypt Fiend | 6 | |
| Frost Wyrm | 3 | |
21 total
» upgrades
| Creature Attack | 3 | |
| Web | 1 | |
| Burrow | 1 | |
| Creature Carapace | 2 | |
| Freezing Breath | 1 | |
8 total
» buildings
| Crypt | 2 | |
| Graveyard | 1 | |
| Ziggurat | 8 | |
| Altar of Darkness | 2 | |
| Tomb of Relics | 1 | |
| Necropolis | 1 | |
| Halls of the Dead | 2 | |
| Black Citadel | 1 | |
| Sacrificial Pit | 1 | |
| Nerubian Tower | 1 | |
| Spirit Tower | 2 | |
| Boneyard | 2 | |
24 total
» build order
00:12 Crypt
00:14 Graveyard
00:39 Ziggurat
01:01 Altar of Darkness
01:48 Tomb of Relics
02:26 Ziggurat
04:19 Necropolis
04:57 Halls of the Dead
05:25 Ziggurat
05:35 Ziggurat
05:50 Ziggurat
07:52 Black Citadel
08:28 Ziggurat
08:28 Ziggurat
08:31 Sacrificial Pit
08:33 Nerubian Tower
08:44 Crypt
08:49 Ziggurat
09:21 Spirit Tower
09:23 Spirit Tower
10:16 Boneyard
10:16 Boneyard
18:03 Halls of the Dead
18:06 Altar of Darkness
» items
| Rod of Necromancy | 3 | |
| Sacrificial Skull | 1 | |
| Potion of Mana | 3 | |
| Potion of Lesser Invulnerability | 1 | |
| Scroll of Town Portal | 2 | |
| Potion of Healing | 2 | |
12 total

»
BONIFIED-STAR (
purple | 71 APM | 1445 actions | 20:17)
4 Lich
2 Frost Nova
2 Dark Ritual
» actions
| Assign group hotkey | 99 | |
| Basic commands | 60 | |
| Build / train | 60 | |
| Enter build submenu | 25 | |
| Enter hero's abilities submenu | 4 | |
| Give item / drop item | 6 | |
| Remove unit from queue | 1 | |
| Right click | 428 | |
| Select / deselect | 224 | |
| Select group hotkey | 434 | |
| Use ability | 104 | |
1445 total
» units
| Acolyte | 7 | |
| Ghoul | 4 | |
| Gargoyle | 3 | |
| Goblin Shredder | 5 | |
| Frost Wyrm | 4 | |
23 total
» upgrades
| Creature Attack | 3 | |
| Creature Carapace | 2 | |
5 total
» buildings
| Graveyard | 2 | |
| Crypt | 4 | |
| Altar of Darkness | 1 | |
| Ziggurat | 10 | |
| Tomb of Relics | 1 | |
| Nerubian Tower | 1 | |
| Halls of the Dead | 1 | |
| Spirit Tower | 8 | |
| Black Citadel | 2 | |
| Sacrificial Pit | 1 | |
| Boneyard | 4 | |
35 total
» build order
00:08 Graveyard
00:15 Crypt
00:44 Altar of Darkness
01:01 Ziggurat
01:29 Tomb of Relics
02:03 Ziggurat
02:52 Nerubian Tower
04:04 Ziggurat
04:25 Ziggurat
04:57 Halls of the Dead
05:23 Spirit Tower
05:25 Spirit Tower
05:25 Spirit Tower
05:26 Spirit Tower
05:26 Spirit Tower
05:36 Ziggurat
05:50 Ziggurat
05:53 Ziggurat
07:21 Black Citadel
08:24 Spirit Tower
08:43 Crypt
08:44 Crypt
08:49 Sacrificial Pit
09:25 Ziggurat
10:23 Boneyard
10:42 Boneyard
11:41 Boneyard
12:22 Graveyard
12:54 Boneyard
14:00 Crypt
14:03 Ziggurat
14:04 Ziggurat
17:11 Spirit Tower
17:12 Spirit Tower
» items
| Rod of Necromancy | 3 | |
| Sacrificial Skull | 1 | |
| Staff of Teleportation | 1 | |
| Dust of Appearance | 1 | |
| Potion of Healing | 2 | |
| Scroll of Town Portal | 4 | |
| Orb of Corruption | 1 | |
13 total

»
soxyescubsno (
orange | 57 APM | 1155 actions | 20:14)
3 Death Knight
2 Death Coil
1 Unholy Aura
3 Crypt Lord
2 Carrion Beetles
1 Spiked Carapace
» actions
| Assign group hotkey | 15 | |
| Basic commands | 60 | |
| Build / train | 67 | |
| Enter build submenu | 20 | |
| Enter hero's abilities submenu | 6 | |
| Remove unit from queue | 1 | |
| Right click | 581 | |
| Select / deselect | 354 | |
| Select group hotkey | 5 | |
| Use ability | 46 | |
1155 total
» units
| Acolyte | 14 | |
| Ghoul | 9 | |
| Frost Wyrm | 14 | |
| Gargoyle | 2 | |
39 total
» upgrades
| Creature Attack | 2 | |
| Creature Carapace | 1 | |
| Web | 0 | |
| Freezing Breath | 1 | |
4 total
» buildings
| Altar of Darkness | 1 | |
| Ziggurat | 6 | |
| Crypt | 1 | |
| Tomb of Relics | 1 | |
| Graveyard | 2 | |
| Halls of the Dead | 2 | |
| Sacrificial Pit | 1 | |
| Spirit Tower | 4 | |
| Black Citadel | 1 | |
| Necropolis | 1 | |
| Boneyard | 2 | |
22 total
» build order
00:05 Altar of Darkness
00:07 Ziggurat
00:33 Crypt
00:49 Tomb of Relics
01:08 Ziggurat
01:42 Graveyard
03:20 Halls of the Dead
03:21 Halls of the Dead
05:47 Sacrificial Pit
07:27 Spirit Tower
09:42 Black Citadel
09:57 Ziggurat
10:11 Ziggurat
10:58 Spirit Tower
11:07 Spirit Tower
11:29 Necropolis
11:49 Graveyard
12:05 Boneyard
12:49 Boneyard
13:16 Ziggurat
13:18 Ziggurat
14:12 Spirit Tower
» items
| Rod of Necromancy | 2 | |
| Potion of Healing | 1 | |
| Orb of Corruption | 2 | |
| Scroll of Town Portal | 2 | |
7 total
Daddy (
teal | 96 APM | 1840 actions | 19:09)
3 Death Knight
2 Death Coil
1 Unholy Aura
3 Lich
2 Frost Nova
1 Frost Armor
2 Crypt Lord
1 Impale
1 Spiked Carapace
» actions
| Assign group hotkey | 166 | |
| Basic commands | 134 | |
| Build / train | 53 | |
| Enter build submenu | 27 | |
| Enter hero's abilities submenu | 8 | |
| Give item / drop item | 2 | |
| Right click | 572 | |
| Select / deselect | 577 | |
| Select group hotkey | 240 | |
| Use ability | 59 | |
1840 total
» units
| Acolyte | 7 | |
| Ghoul | 6 | |
| Frost Wyrm | 6 | |
19 total
» upgrades
| Creature Attack | 3 | |
| Creature Carapace | 2 | |
| Freezing Breath | 1 | |
6 total
» buildings
| Crypt | 1 | |
| Graveyard | 1 | |
| Ziggurat | 8 | |
| Altar of Darkness | 1 | |
| Nerubian Tower | 1 | |
| Halls of the Dead | 1 | |
| Black Citadel | 2 | |
| Tomb of Relics | 3 | |
| Sacrificial Pit | 1 | |
| Boneyard | 4 | |
| Spirit Tower | 1 | |
24 total
» build order
00:14 Crypt
00:19 Graveyard
00:55 Ziggurat
01:08 Altar of Darkness
01:39 Ziggurat
02:11 Nerubian Tower
02:47 Halls of the Dead
03:04 Ziggurat
05:08 Black Citadel
05:08 Black Citadel
05:15 Ziggurat
05:35 Tomb of Relics
05:38 Tomb of Relics
09:13 Ziggurat
09:15 Sacrificial Pit
11:07 Boneyard
11:09 Boneyard
12:08 Boneyard
12:11 Boneyard
12:46 Ziggurat
13:30 Ziggurat
14:16 Spirit Tower
16:13 Ziggurat
16:24 Tomb of Relics
» items
| Scroll of Town Portal | 3 | |
| Orb of Corruption | 5 | |
| Potion of Healing | 2 | |
10 total
team 2 (winner)

»
WWP-DeMoNhUnTeR (
green | 76 APM | 1544 actions | 20:17)
4 Far Seer
2 Feral Spirit
2 Chain Lighting
4 Tauren Chieftain
2 Shockwave
2 Endurance Aura
» actions
| Assign group hotkey | 25 | |
| Basic commands | 12 | |
| Build / train | 62 | |
| ESC pressed | 8 | |
| Enter build submenu | 38 | |
| Enter hero's abilities submenu | 8 | |
| Give item / drop item | 1 | |
| Right click | 721 | |
| Select / deselect | 307 | |
| Select group hotkey | 285 | |
| Use ability | 77 | |
1544 total
» units
| Peon | 20 | |
| Grunt | 4 | |
| Spirit Walker | 3 | |
| Tauren | 3 | |
| Goblin Shredder | 1 | |
| Troll Batrider | 6 | |
37 total
» upgrades
| Spirit Walker Training | 3 | |
| Reinforced Defenses | 1 | |
| Armor | 3 | |
| Pulverize | 1 | |
8 total
» buildings
| Altar of Storms | 1 | |
| Orc Burrow | 8 | |
| Barracks | 1 | |
| Voodoo Lounge | 2 | |
| Stronghold | 1 | |
| War Mill | 1 | |
| Great Hall | 1 | |
| Fortress | 1 | |
| Spirit Lodge | 1 | |
| Watch Tower | 14 | |
| Tauren Totem | 2 | |
| Beastiary | 2 | |
35 total
» build order
00:11 Altar of Storms
00:15 Orc Burrow
00:40 Barracks
01:33 Orc Burrow
01:53 Voodoo Lounge
03:01 Stronghold
03:22 War Mill
04:07 Orc Burrow
04:52 Orc Burrow
04:57 Great Hall
05:26 Fortress
05:38 Spirit Lodge
05:50 Orc Burrow
08:45 Watch Tower
09:01 Tauren Totem
09:36 Tauren Totem
10:52 Watch Tower
10:54 Watch Tower
11:12 Orc Burrow
11:35 Orc Burrow
12:09 Beastiary
12:11 Orc Burrow
12:56 Beastiary
14:49 Watch Tower
14:51 Watch Tower
14:59 Watch Tower
15:02 Watch Tower
15:34 Watch Tower
15:53 Watch Tower
15:54 Watch Tower
16:35 Watch Tower
16:44 Voodoo Lounge
17:06 Watch Tower
17:08 Watch Tower
17:23 Watch Tower
» items
| Healing Salve | 1 | |
| Scroll of Town Portal | 3 | |
| Scroll of Healing | 1 | |
5 total

»
NeverLetYouDown (
blue | 30 APM | 605 actions | 20:17)
3 Warden
2 Shadow Strike
1 Fan of Knives
» actions
| Build / train | 62 | |
| Enter build submenu | 19 | |
| Enter hero's abilities submenu | 3 | |
| Remove unit from queue | 2 | |
| Right click | 193 | |
| Select / deselect | 288 | |
| Use ability | 38 | |
605 total
» units
| Wisp | 20 | |
| Archer | 10 | |
| Dryad | 9 | |
| Druid of the Claw | 6 | |
45 total
» upgrades
| Strength of the Wild | 2 | |
| Reinforced Hides | 2 | |
| Abolish Magic | 1 | |
| Druid of the Claw Training | 2 | |
7 total
» buildings
| Altar of Elders | 1 | |
| Ancient of War | 1 | |
| Moon Well | 8 | |
| Tree of Ages | 1 | |
| Hunter's Hall | 1 | |
| Ancient of Wonders | 1 | |
| Ancient of Lore | 3 | |
| Tree of Eternity | 1 | |
| Tree of Life | 1 | |
| Ancient Protector | 3 | |
21 total
» build order
00:06 Altar of Elders
00:11 Ancient of War
00:17 Moon Well
01:41 Moon Well
02:41 Moon Well
03:44 Tree of Ages
04:17 Hunter's Hall
04:46 Ancient of Wonders
05:47 Moon Well
07:17 Ancient of Lore
07:22 Ancient of Lore
07:45 Tree of Eternity
08:18 Tree of Life
10:41 Ancient of Lore
11:34 Moon Well
12:45 Moon Well
14:02 Moon Well
16:15 Ancient Protector
16:29 Moon Well
17:45 Ancient Protector
20:01 Ancient Protector
» items
tmchlb (
yellow | 52 APM | 1047 actions | 20:17)
4 Blademaster
2 Wind Walk
2 Critical Strike
1 Shadow Hunter
1 Healing Wave
» actions
| Assign group hotkey | 24 | |
| Basic commands | 154 | |
| Build / train | 55 | |
| Enter build submenu | 17 | |
| Enter hero's abilities submenu | 5 | |
| Right click | 217 | |
| Select / deselect | 150 | |
| Select group hotkey | 367 | |
| Use ability | 58 | |
1047 total
» units
| Peon | 9 | |
| Grunt | 10 | |
| Troll Witch Doctor | 3 | |
| Spirit Walker | 3 | |
| Troll Batrider | 13 | |
| Kodo Beast | 1 | |
39 total
» upgrades
| Witch Doctor Training | 1 | |
| Spirit Walker Training | 1 | |
2 total
» buildings
| Altar of Storms | 1 | |
| Orc Burrow | 5 | |
| Barracks | 1 | |
| Voodoo Lounge | 1 | |
| War Mill | 1 | |
| Watch Tower | 3 | |
| Stronghold | 1 | |
| Spirit Lodge | 2 | |
| Beastiary | 1 | |
| Fortress | 1 | |
17 total
» build order
00:05 Altar of Storms
00:11 Orc Burrow
00:15 Barracks
01:23 Voodoo Lounge
02:20 Orc Burrow
03:18 War Mill
05:05 Watch Tower
05:29 Watch Tower
05:42 Orc Burrow
05:44 Stronghold
08:10 Spirit Lodge
08:15 Spirit Lodge
09:23 Orc Burrow
12:05 Beastiary
13:30 Orc Burrow
16:38 Watch Tower
16:56 Fortress
» items
| Healing Salve | 2 | |
| Scroll of Town Portal | 1 | |
| Potion of Lesser Invulnerability | 1 | |
| Scroll of Healing | 1 | |
5 total
PabloEscobar (
pink | 37 APM | 747 actions | 20:17)
1 Archmage
1 Summon Water Elemental
» actions
| Basic commands | 5 | |
| Build / train | 64 | |
| Enter build submenu | 21 | |
| Enter hero's abilities submenu | 1 | |
| Remove unit from queue | 2 | |
| Right click | 329 | |
| Select / deselect | 292 | |
| Use ability | 33 | |
747 total
» units
| Peasant | 17 | |
| Footman | 7 | |
| Rifleman | 6 | |
| Mortar Team | 4 | |
| Siege Engine | 16 | |
50 total
» upgrades
| Gunpowder | 2 | |
| Plating | 3 | |
| Barrage | 1 | |
6 total
» buildings
| Altar of Kings | 1 | |
| Farm | 9 | |
| Lumber Mill | 1 | |
| Barracks | 1 | |
| Scout Tower | 2 | |
| Arcane Tower | 1 | |
| Blacksmith | 1 | |
| Keep | 1 | |
| Castle | 1 | |
| Workshop | 3 | |
| Guard Tower | 1 | |
22 total
» build order
00:05 Altar of Kings
00:10 Farm
00:44 Lumber Mill
00:58 Barracks
01:11 Scout Tower
01:34 Farm
02:15 Farm
02:45 Arcane Tower
03:03 Farm
03:48 Farm
03:56 Blacksmith
04:43 Farm
04:56 Keep
06:43 Farm
07:26 Castle
07:38 Workshop
07:53 Workshop
09:02 Scout Tower
09:54 Farm
09:58 Guard Tower
10:50 Farm
16:00 Workshop
Chat log
(00:16 / Allies) soxyescubsno: oh shit 4 undead
(00:27 / Allies) Daddy: lol
(00:32 / Allies) Daddy: do they got human?
(00:41 / Allies) soxyescubsno: idk mate
(00:50 / Allies) Daddy: if they don't, if we mass lol
(00:57 / Allies) soxyescubsno: hehe
(00:57 / Allies) Daddy: air
(01:01 / Allies) Daddy: lol
(02:46 / All) soxyescubsno: sok
(06:03 / Allies) Kingdom(fr): hlp fast
(06:07 / Allies) Kingdom(fr): repair
(06:08 / Allies) Kingdom(fr): archers
(07:23 / Allies) Daddy: build tower
(08:03 / Allies) Daddy: purp
(08:06 / Allies) Daddy: can i have some gold pls
(08:16 / Allies) BONIFIED-STAR: yes
(08:22 / Allies) Daddy: thx bro
(11:24 / Allies) Daddy: i think pink is tanks
(12:00 / Allies) Daddy: nvm
(12:02 / Allies) Daddy: morts
(12:19 / Allies) Daddy: purp
(12:21 / Allies) Daddy: can i have some gold
(12:25 / Allies) Daddy: i give you lumber
(12:38 / Allies) BONIFIED-STAR: okay
(12:43 / Allies) Daddy: thx
(13:08 / Allies) Daddy: give me
(13:36 / Allies) Daddy: scameers?
(14:22 / Allies) Daddy: gold pls
(15:05 / Allies) soxyescubsno: why up here/
(15:38 / Allies) soxyescubsno: red u forgot frost
(16:19 / Allies) Kingdom(fr): purple tk
(16:42 / Allies) Kingdom(fr): nice tk
(16:45 / Allies) Daddy: why he do that
(16:46 / Allies) BONIFIED-STAR: ty
(16:49 / Allies) BONIFIED-STAR: red took my item
(16:49 / Allies) Kingdom(fr): noob
(16:54 / Allies) Kingdom(fr): ?
(16:54 / Allies) Daddy: ok
(16:56 / Allies) Daddy: just kill red
(16:59 / Allies) Daddy: don't kill me though
(17:30 / All) Kingdom(fr): loose
(18:10 / Allies) Kingdom(fr): which item puirple?
(18:16 / All) BONIFIED-STAR: belt of strength lol
(18:20 / All) BONIFIED-STAR: kodo #1
(18:22 / Allies) Daddy: red
(18:26 / Allies) Daddy: send me all gold pls
(18:47 / Allies) Daddy: what did i do
(19:05 / Allies) Daddy: this guy is nuts
(19:52 / All) BONIFIED-STAR: ur try hard red
(19:53 / All) BONIFIED-STAR: thats hwy
(20:10 / Allies) soxyescubsno: enjoy ur friday night tking people who take ur belt of courage purple